 Dungeon Crawl Stone Soup version 0.27.1-33-g824d729ab1 (webtiles) character file.

Game seed: 6865100947412425193

14503 BoredOne the Fighter (level 11, 0/57 HPs)
             Began as a Felid Conjurer on Dec 6, 2021.
             Was a Priest of Jiyva.
             Slain by an elephant (3 damage)
             ... while petrified by a basilisk
             ... on level 6 of the Lair of Beasts.
             The game lasted 02:25:49 (27720 turns).

BoredOne the Fighter (Felid Conjurer)              Turns: 27720, Time: 02:25:50

Health: 0/57       AC:  3    Str:  9 (10) XL:     11   Next: 89%
Magic:  19/26      EV:  4    Int: 17      God:    Jiyva [***...]
Gold:   614        SH:  0    Dex: 15      Spells: 13/30 levels left
                                        Lives:  0   Deaths: 2

rFire    . . .     SeeInvis +     - Unarmed
rCold    + . .     Faith    .   (shield unavailable)
rNeg     + + +     Spirit   .   (armour unavailable)
rPois    ∞         Reflect  .   (helmet unavailable)
rElec    .         Harm     .   (cloak unavailable)
rCorr    +         Rampage  .   (gloves unavailable)
Will     +....                  (boots unavailable)
Stlth    +++.......             (no amulet)
HPRegen  0.19/turn              e - ring of wizardry
MPRegen  0.20/turn              s - ring of wizardry

@: about to teleport, petrified, quick
A: very small, claws 1, fangs 3, see invisible, speed 1, shaggy fur 3, stealthy
paws, no weapons or thrown items, no armour, multi-lived, deterioration 1
a: Renounce Religion, Request Jelly


You were on level 6 of the Lair of Beasts.
You worshipped Jiyva.
Jiyva was most pleased with you.
You visited 4 branches of the dungeon, and saw 20 of its levels.
You also visited: Gauntlet.

You collected 614 gold pieces.

Inventory:

Jewellery
 e - a ring of wizardry (left paw)
 s - a ring of wizardry (right paw)
 x - a ring of fire
 y - a ring of ice
 A - a ring of protection from fire
Wands
 h - a wand of iceblast (4)
 r - a wand of flame (72)
 w - a wand of digging (6)
Scrolls
 b - 4 scrolls of enchant weapon
 c - a scroll of holy word
 i - 3 scrolls of teleportation
 l - a scroll of fog
 B - a scroll of immolation
Potions
 a - a potion of haste
 d - 5 potions of flight
 f - 5 potions of might
 g - 5 potions of curing
 m - 3 potions of attraction
 n - a potion of resistance {unknown}
 o - 2 potions of brilliance
 p - a potion of ambrosia {unknown}
 q - a potion of berserk rage {unknown}


   Skills:
 - Level 12.7 Fighting
 + Level 12.3 Dodging
 - Level 3.8 Stealth
 - Level 5.3 Unarmed Combat
 + Level 10.0 Spellcasting
 * Level 9.0 Conjurations
 + Level 6.8 Hexes
 - Level 10.0 Translocations


You had 13 spell levels left.
You knew the following spells:

 Your Spells              Type           Power      Damage    Failure   Level
a - Magic Dart            Conj           100%       1d8       1%          1
b - Searing Ray           Conj           78%        3d6       1%          2
c - Fulminant Prism       Conj/Hex       17%        3d11      1%          4
d - Iskenderun's Mystic   Conj/Tloc      40%        2d9       1%          4
e - Gell's Gravitas       Tloc           21%        N/A       1%          3
f - Teleport Other        Tloc           42%        N/A       1%          3

Your spell library contained the following spells:

 Spells                   Type           Power      Damage    Failure   Level
 Dazzling Flash           Conj/Hex       70%        N/A       1%          3
 Lesser Beckoning         Tloc           21%        N/A       1%          3
 Stone Arrow              Conj/Erth      46%        3d9       1%          3
 Summon Guardian Golem    Hex/Summ       20%        N/A       1%          3
 Summon Small Mammal      Summ           32%        N/A       2%          1
 Call Canine Familiar     Summ           8%         N/A       7%          3
 Lehudib's Crystal Spear  Conj/Erth      11%        10d4      100%        8
 Animate Armour           Summ/Erth      Unusable   N/A       N/A         4

Dungeon Overview and Level Annotations

Branches:
Dungeon (8/15)             Temple (1/1) D:4            Lair (6/6) D:8
  Swamp (0/4) Lair:4        Snake (0/4) Lair:2        Slime (5/5) Lair:5
Gauntlet (visited)

Altars:
Ashenzari
Cheibriados
Dithmenos
Elyvilon
Gozag
Hepliaklqana
Kikubaaqudgha
Makhleb
Nemelex Xobeh
Okawaru
Qazlal
Ru
Sif Muna
Trog
Uskayaw
Vehumet
Yredelemnul
Zin
Jiyva

Shops:
D:5 [

Annotations:
Lair:6 1 runed translucent door
Slime:5 Royal Jelly


Innate Abilities, Weirdness & Mutations

You have sharp claws.
You have razor-sharp teeth.
You have supernaturally acute eyesight. (SInv)
You cover ground quickly. (Speed+)
Your thick and shaggy fur keeps you warm. (AC +3, rC+)
Your paws help you pounce on unaware monsters.
You are incapable of wielding weapons or throwing items.
You cannot wear armour.
You gain extra lives every three experience levels.
Your body sometimes deteriorates upon taking damage.


Message History

The elephant tramples the bush!
The elephant trunk-slaps the bush but does no damage.
The elephant trumpets!
You hear a trumpeting!
The elephant misses you. The elephant closely misses you.
The elephant tramples the bush.
The elephant completely misses the bush.
The elephant tramples the bush!
The elephant trunk-slaps the bush but does no damage.
The elephant tramples the bush but does no damage.
The elephant trunk-slaps the bush.
The elephant completely misses you. x2
A basilisk comes into view.
The basilisk hisses angrily.
The elephant tramples the bush.
The elephant trunk-slaps the bush but does no damage.
Something tramples the bush.
The bush is destroyed!
The basilisk gazes at you.
You are slowing down.
The elephant tramples you!
You hold your ground!
The elephant trunk-slaps you.
Okay, then.
As you read the scroll of teleportation, it crumbles to dust.
You feel strangely unstable. The elephant tramples you.
You hold your ground!
The elephant closely misses you. The elephant tramples you.
You hold your ground!
The elephant trunk-slaps you but does no damage.
The elephant tramples you!
* * * LOW HITPOINT WARNING * * *
You are shoved backwards!
Your limbs are stiffening.
The elephant tramples you!
* * * LOW HITPOINT WARNING * * *
Your body deteriorates!
You feel weakened.
You are shoved backwards!
You have turned to stone.
The elephant tramples you!
* * * LOW HITPOINT WARNING * * *
You are shoved backwards!
The elephant tramples you!
* * * LOW HITPOINT WARNING * * *
You are shoved backwards!
The elephant tramples you.
You die...

## ##.....#. #..##...#..#..##≈≈..
.###.....#.###..#........#..≈≈#..
.........................≈Y.≈...≈
.........................≈......≈
.........................≈≈Y.≈≈≈#
.#.#......l...........#D≈.≈≈.≈≈.#
##...........Y......###...≈≈.≈≈.#
..k......###YYYYYD..###....≈≈..^#
.........# #.P#Y@...P##....≈≈...#
...#.....###.P.#.......#.....≈§..
..##.....##................§§#...
..##.....#.....#.....###...§..#.#
##.......#.#..##......########D.#
##......###.........## #.#.#
###.#....Y.#...#.....#########...
.........l#.†.##....#......###...
..........#.#................D..#


You could see 7 elephants, a basilisk and a steam dragon.

Vanquished Creatures
  Gastronok (D:8)
  Fannar (Lair:3)
  3 hydras
  6 death yaks (Lair:4)
  Pikel (D:6)
  8 elephants
  Maurice (D:8)
  A torpor snail (Lair:6)
  2 black mambas
  A rime drake (Lair:5)
  7 komodo dragons
  12 cane toads
  A freezing wraith (D:7)
  A troll (D:8)
  A polar bear (Lair:5)
  A tyrant leech (Lair:4)
  13 blink frogs
  20 dream sheep
  35 yaks
  A vampire (D:8)
  3 basilisks
  3 wyverns
  9 water moccasins
  An orc warrior (D:6)
  An ogre (D:4)
  9 wolves
  2 centaurs
  3 lemures (D:6)
  9 bullfrogs
  3 scorpions
  A gnoll sergeant (D:8)
  2 jellies
  A wyvern zombie (D:8)
  A water moccasin skeleton (D:6)
  A water moccasin zombie (D:4)
  3 killer bees (D:8)
  8 wights
  2 howler monkeys
  8 orc priests
  A centaur skeleton (D:6)
  A centaur zombie (D:8)
  Crazy Yiuf (D:6)
  4 bullfrog skeletons
  Jessica (D:3)
  11 orc wizards
  3 iguanas
  5 hell rats (Lair:3)
  A howler monkey zombie (D:5)
  12 adders
  3 gnolls (D:8)
  2 shadow imps
  An ufetubus (D:5)
  3 worms
  6 dart slugs
  31 orcs
  5 ball pythons
  5 endoplasms
  4 giant cockroaches
  6 goblins
  5 hobgoblins
  8 jackals (D:1)
  2 quokkas
  15 bats
  5 frilled lizards
  9 kobolds
  8 rats
  3 fulminant prisms
348 creatures vanquished.

Vanquished Creatures (others)
  A black bear (D:5)
  A bullfrog (Lair:5)
  4 killer bees (D:7)
  37 jellies
  A hound (D:7)
  A centaur zombie (D:7)
  2 orcs (D:5)
  6 bushes
  171 fulminant prisms
  128 fungi
  193 plants
545 creatures vanquished.

Grand Total: 893 creatures vanquished

Notes
Turn   | Place    | Note
-------+----------+-------------------------------------------
     0 | D:1      | BoredOne the Felid Conjurer began the quest for the Orb.
     0 | D:1      | Reached XP level 1. HP: 7/7 MP: 4/4
   229 | D:1      | Reached XP level 2. HP: 9/11 MP: 1/6
   233 | D:1      | Learned a level 2 spell: Searing Ray
   824 | D:1      | Reached XP level 3. HP: 14/14 MP: 1/7
  1793 | D:2      | Gained mutation: You evolve. [potion of mutation]
  1793 | D:2      | Gained mutation: Your spells are a little harder to cast,
                  | but a little more powerful. [potion of mutation]
  1793 | D:2      | Gained mutation: You are dopey. (Int -2) [potion of
                  | mutation]
  1893 | D:2      | Lost mutation: You evolve. [end of evolution]
  2085 | D:2      | Found a faded altar of an unknown god.
  2136 | D:2      | Reached XP level 4. HP: 18/18 MP: 3/9
  2195 | D:2      | Learned a level 4 spell: Fulminant Prism
  2907 | D:3      | Noticed a scorpion
  2912 | D:3      | Killed a scorpion
  2913 | D:3      | Reached skill level 5 in Conjurations
  2913 | D:3      | Reached XP level 5. HP: 21/21 MP: 4/10
  3178 | D:3      | Reached skill level 1 in Hexes
  3186 | D:3      | Learned a level 4 spell: Iskenderun's Mystic Blast
  3314 | D:3      | Gained mutation: You are covered in thick fur. (AC +2)
                  | [Felid growth]
  3314 | D:3      | Reached XP level 6. HP: 24/24 MP: 1/12
  3648 | D:3      | Noticed Jessica
  3657 | D:3      | Killed Jessica
  3878 | D:4      | Reached skill level 1 in Translocations
  4621 | D:4      | Found a staircase to the Ecumenical Temple.
  4634 | Temple   | Entered the Ecumenical Temple
  4723 | Temple   | Became a worshipper of Elyvilon the Healer
  4793 | D:4      | Reached XP level 7. HP: 20/27 MP: 4/14
  4862 | D:4      | Learned a level 3 spell: Gell's Gravitas
  5147 | D:5      | Entered Level 5 of the Dungeon
  5372 | D:5      | Reached * piety under Elyvilon
  5628 | D:5      | Reached skill level 5 in Hexes
  5689 | D:5      | Found Akhoor's Armour Emporium.
  6329 | D:5      | Reached skill level 5 in Translocations
  6577 | D:6      | Reached ** piety under Elyvilon
  6793 | D:6      | Reached XP level 8. HP: 31/31 MP: 1/15
  7216 | D:6      | Reached skill level 1 in Fighting
  7634 | D:6      | Noticed Pikel
  7789 | D:6      | Killed Pikel
  7790 | D:6      | Reached skill level 5 in Spellcasting
  8348 | D:6      | Found a runed translucent door.
  8349 | D:6      | Noticed Crazy Yiuf
  8362 | D:6      | Killed Crazy Yiuf
  8458 | D:7      | Reached XP level 9. HP: 32/39 MP: 7/18
  8816 | D:7      | Noticed a freezing wraith
  8817 | D:7      | Noticed a death knight
  8819 | D:7      | Noticed a phantasmal warrior
  9062 | D:8      | Reached skill level 5 in Dodging
  9242 | D:8      | Reached skill level 5 in Fighting
  9443 | D:8      | Noticed a troll
  9476 | D:8      | Found a staircase to the Lair.
  9589 | D:8      | Killed a troll
  9811 | D:8      | Reached *** piety under Elyvilon
  9875 | D:8      | Noticed Gastronok
  9897 | D:8      | Killed Gastronok
  9898 | D:8      | Reached XP level 10. HP: 38/47 MP: 0/20
 10249 | D:8      | Found an ancient bone altar of Kikubaaqudgha.
 10317 | D:8      | Noticed Maurice
 10364 | D:8      | Killed Maurice
 10384 | D:7      | Found a sparkling altar of Nemelex Xobeh.
 10384 | D:7      | Found a shadowy altar of Dithmenos.
 11403 | Lair:1   | Entered Level 1 of the Lair of Beasts
 11645 | Lair:1   | Found a gate leading to a gauntlet.
 11654 | Gauntlet | Entered a Gauntlet
 11654 | Gauntlet | Reached **** piety under Elyvilon
 11654 | Gauntlet | Found a transporter.
 11656 | Gauntlet | Noticed a purple ugly thing
 11656 | Gauntlet | Noticed a red ugly thing
 11661 | Gauntlet | Noticed a wizard
 11662 | Gauntlet | Found a transporter.
 11662 | Gauntlet | Noticed a wizard
 11665 | Gauntlet | Noticed a great orb of eyes
 11686 | Lair:1   | Noticed a cane toad
 11703 | Lair:1   | Killed a cane toad
 12108 | Lair:1   | Reached XP level 11. HP: 50/52 MP: 12/23
 12124 | Lair:1   | Learned a level 3 spell: Teleport Other
 12503 | Lair:1   | Lost mutation: Your spells are a little harder to cast, but
                  | a little more powerful. [potion of mutation]
 12503 | Lair:1   | Lost mutation: You are dopey. (Int -2) [potion of mutation]
 12503 | Lair:1   | Gained mutation: You are clumsy. (Dex -2) [potion of
                  | mutation]
 12503 | Lair:1   | Gained mutation: Your body sometimes deteriorates upon
                  | taking damage. [potion of mutation]
 12969 | Lair:2   | Reached ***** piety under Elyvilon
 13256 | Lair:2   | Found a staircase to the Snake Pit.
 14285 | Lair:2   | Reached skill level 10 in Fighting
 14487 | Lair:3   | Reached skill level 10 in Dodging
 14755 | Lair:3   | Noticed a five-headed hydra
 14763 | Lair:3   | Killed a five-headed hydra
 15235 | Lair:3   | Gained mutation: Your thick and shaggy fur keeps you warm.
                  | (AC +3, rC+) [Felid growth]
 15235 | Lair:3   | Reached XP level 12. HP: 59/59 MP: 14/25
 15349 | Lair:3   | Noticed Fannar
 15364 | Lair:3   | Killed Fannar
 16254 | Lair:4   | Identified the +1 mace "Caetej" {antimagic, +Blink rPois
                  | Will- Dex+4}
 17193 | Lair:4   | Reached skill level 10 in Translocations
 17406 | Lair:4   | Reached skill level 1 in Unarmed Combat
 17536 | Lair:4   | Found a staircase to the Swamp.
 17564 | Lair:4   | Noticed a death yak
 17565 | Lair:4   | Noticed a death yak
 17566 | Lair:4   | Noticed a death yak
 17566 | Lair:4   | Noticed a death yak
 17570 | Lair:4   | Noticed a death yak
 17577 | Lair:4   | Killed a death yak
 17593 | Lair:4   | Killed a death yak
 17756 | Lair:4   | Noticed a five-headed hydra
 17774 | Lair:4   | Killed a five-headed hydra
 17976 | Lair:4   | Killed a death yak
 17977 | Lair:4   | Noticed a death yak
 18365 | Lair:4   | Killed a death yak
 18540 | Lair:4   | Killed a death yak
 18597 | Lair:4   | Killed a death yak
 18881 | Lair:5   | Reached XP level 13. HP: 50/65 MP: 6/27
 18885 | Lair:5   | Reached ****** piety under Elyvilon
 18900 | Lair:5   | Elyvilon protects you from harm!
 18900 | Lair:5   | Elyvilon protects you from harm!
 18901 | Lair:5   | HP: 2/65 [poisoned by a cane toad]
 18902 | Lair:5   | Elyvilon protects you from harm!
 18903 | Lair:5   | Elyvilon protects you from harm!
 18903 | Lair:5   | Demolished by a wyvern
 18904 | Lair:5   | Reached XP level 12. HP: -15/61 MP: 6/26
 19320 | Lair:5   | Identified the +6 chain mail of the Lily {rCorr}
 19524 | Lair:5   | Noticed an eight-headed hydra
 19540 | Lair:5   | Killed an eight-headed hydra
 19541 | Lair:5   | Reached skill level 5 in Unarmed Combat
 19853 | Lair:5   | Found a staircase to the Slime Pits.
 19853 | Lair:5   | Found a viscous altar of Jiyva.
 19865 | Lair:5   | Fell from the grace of Elyvilon
 19865 | Lair:5   | Became a worshipper of Jiyva Jionk the Shapeless
 19917 | Slime:1  | Entered Level 1 of the Pits of Slime
 19917 | Slime:1  | Noticed a quicksilver ooze
 19932 | Slime:2  | Noticed an acid blob
 19941 | Slime:3  | Noticed an acid blob
 19942 | Slime:3  | Noticed an acid blob
 19944 | Slime:4  | Noticed an azure jelly
 19946 | Slime:4  | Noticed a great orb of eyes
 19954 | Slime:5  | Entered Level 5 of the Pits of Slime
 19954 | Slime:5  | Noticed an acid blob
 19956 | Slime:5  | Noticed a rockslime
 19960 | Slime:5  | Noticed an acid blob
 20024 | Slime:5  | Noticed an acid blob
 20032 | Slime:5  | Noticed an acid blob
 20032 | Slime:5  | Noticed an acid blob
 20040 | Slime:5  | Noticed a quicksilver ooze
 20041 | Slime:5  | Noticed an acid blob
 20041 | Slime:5  | Noticed an acid blob
 20049 | Slime:5  | Noticed a great orb of eyes
 20108 | Slime:5  | Noticed an azure jelly
 20116 | Slime:5  | Found a viscous altar of Jiyva.
 20125 | Slime:5  | Noticed the Royal Jelly
 20154 | Slime:5  | Noticed an acid blob
 20179 | Slime:4  | Noticed a quicksilver ooze
 20186 | Slime:3  | Noticed a great orb of eyes
 20188 | Slime:3  | Noticed a quicksilver ooze
 20189 | Slime:3  | Noticed an acid blob
 20641 | D:7      | Reached * piety under Jiyva
 20909 | D:6      | Reached ** piety under Jiyva
 22305 | D:3      | Reached *** piety under Jiyva
 22766 | D:4      | You fall into a shaft and drop 2 floors!
 22779 | D:6      | Identified the +8 dagger of a sewer {antimagic, rC- Int+5
                  | SInv}
 22966 | D:7      | Found a broken altar of Ashenzari.
 23570 | D:8      | Gained mutation: You are covered in slimy tendrils that may
                  | disarm your opponents. [Jiyva's grace]
 23814 | D:8      | Reached **** piety under Jiyva
 26421 | Lair:6   | Entered Level 6 of the Lair of Beasts
 26457 | Lair:6   | Annihilated by a komodo dragon
 26458 | Lair:6   | Reached XP level 11. HP: -28/57 MP: 15/25
 26477 | Lair:6   | Lost mutation: You are clumsy. (Dex -2) [Jiyva's grace]
 26630 | Lair:6   | Was placed under penance by Jiyva
 27019 | Lair:6   | Found a runed translucent door.
 27019 | Lair:6   | Noticed an ice dragon
 27098 | Lair:6   | Lost mutation: You are covered in slimy tendrils that may
                  | disarm your opponents. [the vengeance of Jiyva]
 27098 | Lair:6   | Was forgiven by Jiyva
 27458 | Lair:6   | Reached skill level 10 in Spellcasting
 27625 | Lair:6   | Noticed a lindwurm
 27719 | Lair:6   | HP: 2/57 [elephant (4)]
 27720 | Lair:6   | Slain by an elephant

Illustrated notes

Levels and vault maps discovered:
D:1:      dpeg_arrival_prison, layout_loops_corners
D:2:      layout_basic, ebering_ecumenical_altar_box, minmay_misc_feat_hallway
D:3:      layout_basic, uniq_jessica
D:4:      layout_loops_cross, minmay_temple_entry_statues_pillars
D:5:      layout_basic, serial_shops, nicolae_shop_waterfront,
          hangedman_decor_lopped, serial_park_tiny_pond, lemuel_flamethrower_2
D:6:      layout_rooms, uniq_crazy_yiuf_cottage, uniq_pikel
D:7:      layout_gridville, nicolae_ashenzari_panopticon,
          nicolae_overflow_hidden_temple
D:8:      layout_basic, kennysheep_mini_moat, minmay_lair_entry_grove,
          uniq_gastronok, uniq_maurice
Temple:   zaba_magenta_temple
Lair:1:   layout_cave_pods, gauntlet_entry_generic, serial_bayou_pond_a
Lair:2:   layout_gridlike, dummy_snake_entry
Lair:3:   layout_chaotic_city, uniq_fannar
Lair:4:   layout_loops_ring, minmay_swamp_entry_worms
Lair:5:   layout_concentric_octagons, slime_altar_1, st_stairs_12,
          minmay_stone_trees_small, serial_bayou_ford_a
Lair:6:   wormcave, layout_regular_city, guppyfry_lair_end_dragon,
          chequers_serial_rivers_small_b
Slime:1:  layout_caves
Slime:2:  layout_caves
Slime:3:  layout_caves
Slime:4:  layout_caves
Slime:5

Skill      XL: |  1  2  3  4  5  6  7  8  9 10 11 12 |
---------------+-------------------------------------+-----
Conjurations   | 4 5 6 7 8 9 |  9.0
Stealth        | 3 |  3.8
Spellcasting   | 3 4 5 6 7 10 9 | 10.0
Hexes          | 2 4 6 |  6.8
Translocations | 3 5 6 8 10 | 10.0
Fighting       | 3 7 8 10 12 | 12.7
Dodging        | 4 7 8 10 12 | 12.3
Unarmed Combat | 5 |  5.3

Action                   |  1- 3 |  4- 6 |  7- 9 | 10-12 | 13-15 || total
-------------------------+-------+-------+-------+-------+-------++-------
Melee: Unarmed           |     3 |       |     1 |     6 |       ||    10
       Bite              |       |       |     1 |       |       ||     1
 Cast: Magic Dart        |    77 |    83 |    98 |    66 |       ||   324
       Searing Ray       |     3 |    18 |    57 |   125 |       ||   203
       Gell's Gravitas   |       |       |     5 |     6 |       ||    11
       Fulminant Prism   |       |       |    10 |   164 |       ||   174
       Iskenderun's Myst |       |       |     2 |    43 |     1 ||    46
       Teleport Other    |       |       |       |     2 |       ||     2
Invok: Slimify           |       |       |       |     1 |       ||     1
       Request Jelly     |       |       |       |    19 |       ||    19
       Divine Protection |       |       |       |       |     1 ||     1
Evoke: Wand              |       |       |     3 |     6 |       ||     9
  Use: Scroll            |     4 |     7 |     5 |    13 |     1 ||    30
       Potion            |     1 |       |     3 |     4 |     1 ||     9
 Stab: Sleeping          |       |       |     1 |     1 |       ||     2
Armor: Skin              |     2 |     1 |     1 |     8 |       ||    12
Dodge: Dodged            |     5 |     8 |    35 |   165 |     8 ||   221
